[Event "German Bundesliga 2021-22"]
[Site "Germany"]
[Date "2022.04.30"]
[Round "5.7"]
[White "Olsen, Filip Boe"]
[Black "Andersen, Mads"]
[Result "0-1"]
[ECO "D27"]
[WhiteElo "2402"]
[BlackElo "2570"]
[Annotator "TA"]
[PlyCount "96"]
[EventDate "2022.03.05"]
[EventType "team-tourn"]
[EventCountry "GER"]
[SourceTitle "playchess.com"]
[Source "ChessBase"]
[SourceQuality "1"]
[TimeControl "40/5400+30:1800+30"]

1. d4 d5 2. c4 dxc4 3. Nf3 Nf6 4. e3 e6 5. Bxc4 c5 6. O-O a6 7. dxc5 Bxc5 8. Qxd8+ Kxd8 9. Be2 {[%emt 0:00:00] D27: Queen's Gambit Accepted: Classical main line: 7 e4!? and 7 a4.} Ke7 10. Nc3 b5 {[%emt 0:00:00] Against Na4} 11. Nd2 {[%emt 0:00:00] White has an edge.} Bb7 12. Nb3 Nbd7 13. Na5 Rab8 14. Nxb7 Rxb7 15. Bd2 Rc7 16. Rfd1 Rhc8 {[%emt 0:17:00] [#]} 17. Kf1 $146 ({Predecessor:} 17. Be1 Bd6 18. Bxb5 axb5 19. Nxb5 Rc6 20. Na7 Be5 21. Nxc8+ Rxc8 22. Rab1 Ra8 23. a3 {½-½ (46) Carlsen,M (2862)-So,W (2770) chess24.com INT 2020}) 17... Bd6 18. h3 Nc5 {[%emt 0:09:13] Strongly threatening ...b4.} 19. Rac1 b4 20. Nb1 a5 21. a3 Nb3 22. Rxc7+ Rxc7 23. axb4 axb4 24. Be1 Ne4 25. Bd3 f5 26. f3 Ng3+ 27. Kf2 (27. Kg1 $11) 27... Nc1 $1 $17 {[%emt 0:02:17] Pair of Knights!} 28. Bb5 Rc2+ 29. Rd2 b3 30. Kg1 {[%emt 0:16:48] [#]} f4 {[%emt 0:15:45] Active counter play!} (30... Na2 $1 $19 31. Rxd6 Kxd6) 31. exf4 (31. Bxg3 $17 {was worth a try.} fxg3 32. Ba4) 31... Nce2+ $19 32. Bxe2 Nxe2+ 33. Kf1 Nxf4 {[%emt 0:00:13] Threatens to win with ...Bb4.} 34. Nc3 Be5 35. Na4 ({Don't play} 35. Bh4+ Kf7 36. Rd7+ Kg6 $19) (35. Rxc2 $142 bxc2 36. Na2) 35... g5 (35... Nd5 $19 {...Rc4 is the strong threat.} 36. Bh4+ Kd6) 36. h4 (36. g3 $17 Nd5 37. Rxc2 bxc2 38. Bd2) 36... h6 $2 (36... Nd5 $19 {Hoping for ...Ne3+.} 37. hxg5 Rc4) 37. hxg5 $15 hxg5 {[%emt 0:00:05] And now ...Nd5 would win.} 38. g3 Nd5 {[%emt 0:00:35] White must now prevent ...Rc4.} 39. Ke2 $2 {[%emt 0:00:37][%mdl 8192] Now White is beyond hope.} (39. Rxc2 $1 $15 bxc2 40. Bd2) 39... Rc4 $19 40. Nc3 $2 (40. Rd3) 40... Nxc3+ 41. bxc3 Bxc3 42. Rd1 Bxe1 43. Rxe1 {[%emt 0:00:00] KR-KR} b2 44. Kd2 Kd6 45. Rb1 Rb4 {[%emt 0:00:00] ( -> ...Kd5)} 46. Kc3 {[%emt 0:00:00] [#]} Kc5 $1 {[%emt 0:00:00] Black mates.} 47. f4 gxf4 48. gxf4 Rxf4 {[%emt 0:00:00] Weighted Error Value: White=0.66/Black=0.17 (very precise)} 0-1

[Event "German Bundesliga 2021-22"]
[Site "Germany"]
[Date "2022.04.30"]
[Round "5.7"]
[White "Costa, Leonardo"]
[Black "Lindgren, Philip"]
[Result "1/2-1/2"]
[ECO "B12"]
[WhiteElo "2324"]
[BlackElo "2361"]
[Annotator "TA"]
[PlyCount "114"]
[EventDate "2022.03.05"]
[EventType "team-tourn"]
[EventCountry "GER"]
[SourceTitle "playchess.com"]
[Source "ChessBase"]
[SourceQuality "1"]
[TimeControl "40/5400+30:1800+30"]

1. e4 c6 2. d4 d5 3. e5 Bf5 4. Nd2 e6 5. Nb3 Nd7 6. Nf3 Bg6 {[%emt 0:00:00] B12: Caro-Kann: Advance Variation.} 7. Be2 Nh6 8. O-O Nf5 9. Bd2 Be7 10. a4 O-O 11. a5 c5 12. Nxc5 Nxc5 13. dxc5 Bxc5 14. b4 Be7 {[%emt 0:01:17] [#]} 15. Rc1 $146 ({Predecessor:} 15. c4 dxc4 16. Bxc4 Nd4 17. Nxd4 Qxd4 18. Qe2 Rfd8 19. Rfd1 Bc2 20. Rdc1 Qxd2 21. Rxc2 Qxb4 {½-½ (37) Warszawski,B (2165)-Konieczynski,P (1884) Jastrzebia Gora 2018}) 15... Rc8 16. Bd3 Nh4 17. Nd4 Qd7 18. Qg4 Rfd8 19. Rfe1 a6 20. g3 Nf5 21. Nf3 Rc7 22. Rb1 Rdc8 23. Rb2 Bf8 24. Reb1 Ne7 25. b5 Bf5 26. Qa4 h6 27. Qb3 axb5 28. Qxb5 Nc6 29. Bxf5 exf5 30. Qd3 Bc5 31. Bf4 Qe6 (31... Nxa5 $11 32. e6 fxe6) 32. Rb5 $14 (32. Rxb7 Rxb7 33. Rxb7 Nxa5 $11) 32... Nd8 33. h4 Rd7 (33... d4 $11 {remains equal.}) 34. c3 $16 Qg6 35. Nd4 (35. Qd2 $1 $14) 35... Bxd4 $11 {[%emt 0:00:24] The position is equal.} 36. cxd4 (36. Qxd4 Ne6 37. Qd2 d4 $17) 36... Ne6 37. Be3 Qg4 38. Qd1 Qe4 39. Rxb7 Rxb7 40. Rxb7 {[%emt 0:00:05] [#] And now a6 would win.} f4 41. gxf4 Nxf4 42. Bxf4 Qxf4 {[%emt 0:00:00][%mdl 4096] Endgame KQR-KQR} 43. Kg2 {[%emt 0:00:00] aiming for a6.} Rc1 44. Rb8+ Kh7 45. Qd3+ ({Not} 45. Qf3 $2 {[#]} Rg1+ $3 46. Kxg1 Qxf3 $19) 45... g6 46. Rb3 {[%emt 0:00:49] Hoping for Qf3.} Qxh4 {[%emt 0:00:00] Threatens to win with ...Qh1+.} 47. Qh3 {[%emt 0:01:00] Prevents Qh1+.} Qxd4 {[%emt 0:05:44] ...Qd1 is the strong threat.} 48. Qf3 Rc7 49. a6 {[%emt 0:02:45] Black must now prevent Rb7.} Qxe5 50. Rb7 {[%emt 0:00:02] Strongly threatening a7.} Qg5+ $1 51. Kh3 ({Much worse is} 51. Qg3 Qxg3+ 52. fxg3 (52. Kxg3 Rc3+ 53. Kf4 Kg7 $17) 52... Rc2+ 53. Kf3 Kg7 $17) 51... Qd8 52. Rxc7 {[%emt 0:01:59] Active counter play!} Qxc7 53. Qxd5 {[%emt 0:00:03] KQ-KQ} Qc8+ 54. Kh2 Qxa6 55. Qxf7+ Kh8 56. Qf8+ Kh7 57. Qf7+ Kh8 {[%emt 0:00:03] Weighted Error Value: White=0.07 (flawless) /Black=0.09 (flawless)} 1/2-1/2

[Event "German Bundesliga 2021-22"]
[Site "Germany"]
[Date "2022.04.30"]
[Round "5.8"]
[White "Predojevic, Borki"]
[Black "Pajeken, Jakob Leon"]
[Result "1-0"]
[ECO "A06"]
[WhiteElo "2585"]
[BlackElo "2370"]
[Annotator "TA"]
[PlyCount "63"]
[EventDate "2022.03.05"]
[EventType "team-tourn"]
[EventCountry "GER"]
[SourceTitle "playchess.com"]
[Source "ChessBase"]
[SourceQuality "1"]
[TimeControl "40/5400+30:1800+30"]

1. Nf3 d5 2. g3 Nf6 3. Bg2 g6 4. c4 c6 5. b3 Bg7 6. Bb2 O-O 7. O-O Bf5 8. d3 a5 {[%emt 0:06:38] is now more promising than 8...Qc8.} 9. Nbd2 {[%emt 0:09:15] A11: English Opening: 1...c6.} Na6 10. a3 Rc8 11. Rc1 {[%emt 0:16:37] White is slightly better.} b5 12. cxd5 cxd5 13. Rxc8 Qxc8 14. Qa1 Qb7 {[%emt 0:07:59] [#]} 15. e4 $146 ({Predecessor:} 15. Rc1 Rc8 16. Be5 Bd7 17. Rxc8+ Qxc8 18. Qc3 Qxc3 19. Bxc3 b4 20. axb4 Nxb4 21. Be5 e6 22. Bc7 a4 23. bxa4 {½-½ (23) Akopian,V (2673)-Sargissian,G (2643) Yerevan 2008}) 15... dxe4 16. dxe4 Bg4 {[%emt 0:05:13] [#]} (16... Bd7 $11 {remains equal.}) 17. e5 $1 $16 {[%emt 0:04:37] White leaves nothing to chance now.} Nd5 {[%emt 0:08:34] [#]} (17... Ne8 $16) 18. e6 $1 $18 Bxb2 (18... f6 {was called for.}) 19. exf7+ Rxf7 20. Qxb2 {[%emt 0:00:05] aiming for Ng5.} Rf8 21. Qd4 Nf6 22. Ne5 {[%emt 0:00:27][%csl LRb7,LRg4] Prevents Qc6.} Qc8 23. Nxg4 Qxg4 24. Qb6 Qe2 25. Nf3 ({Don't take} 25. Qxa6 $6 Qxd2 26. Qxb5 Qc3 $16) 25... b4 26. Qxa5 Ng4 $2 (26... bxa3 {is more resistant.} 27. Qxa3 Rd8) 27. axb4 {[%emt 0:02:51] White is clearly winning.} Rb8 28. Nd4 {[%emt 0:00:59] Prevents Qb5.} Qe5 29. Nc6 Qxa5 30. bxa5 ({Less strong is} 30. Nxa5 Nxb4 31. Rd1 Nf6 $16) 30... Rb5 31. Ra1 Nc7 32. b4 {[%emt 0:00:43] Weighted Error Value: White=0.10 (very precise) /Black=0.56} 1-0

[Event "German Bundesliga 2021-22"]
[Site "Germany"]
[Date "2022.04.30"]
[Round "5.8"]
[White "Rafiee, Makan"]
[Black "Pitl, Gregory"]
[Result "1/2-1/2"]
[ECO "B15"]
[WhiteElo "2338"]
[BlackElo "2379"]
[Annotator "TA"]
[PlyCount "46"]
[EventDate "2022.03.05"]
[EventType "team-tourn"]
[EventCountry "GER"]
[SourceTitle "playchess.com"]
[Source "ChessBase"]
[SourceQuality "1"]
[TimeControl "40/5400+30:1800+30"]

1. e4 c6 2. d4 d5 3. Nc3 dxe4 4. Nxe4 Nf6 5. Nxf6+ exf6 6. c3 Bd6 7. Bd3 O-O 8. Qc2 {[%emt 0:00:00] Active counter play!} Re8+ {[%emt 0:00:00] B15: Caro-Kann: 3 Nc3: 3...g6 and 3...dxe4 4 Nxe4 Nf6 5 Nxf6+ exf6.} 9. Ne2 h6 10. Bd2 Be6 {[%emt 0:05:14] The position is equal.} 11. O-O Qc7 12. Ng3 Nd7 13. f4 b5 14. b3 {[%emt 0:06:08] [#] f5 is the strong threat.} Qb6 $146 ({Predecessor:} 14... Nf8 15. c4 bxc4 16. bxc4 Rad8 17. c5 Be7 18. f5 Bd5 19. Rf4 Nh7 20. Rg4 Kh8 {½-½ (40) Asis Gargatagli,H (2538)-Iturrizaga Bonelli,E (2652) Maia 2018}) 15. Kh1 c5 (15... Rad8 $14) 16. c4 {[%emt 0:02:15] [#] Black must now prevent d5.} Nf8 17. d5 ({Much worse is} 17. cxb5 $6 cxd4 18. Qd1 Qb7 $11) 17... Bd7 18. Bc3 Qc7 19. Qf2 {[%emt 0:15:57][%cal Oc3f6] Threatens to win with Bxf6!} ({Don't take} 19. cxb5 Bxf4 20. Ne4 Bxh2 $11) 19... Ng6 {[%emt 0:01:02] [#]} 20. Bd2 (20. Ne4 $1 $16) 20... Rab8 $14 21. Ne4 bxc4 22. bxc4 Rb2 23. Nxd6 Qxd6 {[%emt 0:00:11] Weighted Error Value: White=0.15 (very precise) /Black=0.12 (very precise)} 1/2-1/2

[Event "German Bundesliga 2021-22"]
[Site "Germany"]
[Date "2022.04.30"]
[Round "5.8"]
[White "Agrest, Inna"]
[Black "Colbow, Collin"]
[Result "0-1"]
[ECO "B48"]
[WhiteElo "2258"]
[BlackElo "2370"]
[Annotator "TA"]
[PlyCount "92"]
[EventDate "2022.03.05"]
[EventType "team-tourn"]
[EventCountry "GER"]
[SourceTitle "playchess.com"]
[Source "ChessBase"]
[SourceQuality "1"]
[TimeControl "40/5400+30:1800+30"]

1. e4 c5 2. Nf3 e6 3. d4 cxd4 4. Nxd4 Nc6 5. Nc3 Qc7 6. Be3 a6 7. Qf3 {[%emt 0:00:00] 7.g4 is the modern continuation. B48: Sicilian: Taimanov: 5 Nc3 Qc7 6 Be3 a6 without Be2.} Nf6 8. O-O-O Ne5 9. Qg3 {[%emt 0:00:00] White is slightly better.} b5 {[%emt 0:00:00] [#] aiming for ...b4.} 10. a3 (10. f4 $14 Neg4 11. Bg1) 10... d6 (10... Bb7 $11) 11. f4 $14 {[%emt 0:14:11] [#]} Nc4 $146 (11... Ned7) ({Black should try} 11... Ned7 $1 $14) ({Predecessor:} 11... Neg4 12. Bg1 e5 13. Nde2 Bb7 14. h3 exf4 15. Nxf4 Ne5 16. Bd3 g6 17. Be3 Rc8 {0-1 (51) Zhu,Y (2178)-Peng,H (2334) Moscow 2019}) 12. Bxc4 $18 bxc4 13. Rhe1 (13. e5) (13. e5 $18 {is the precise move to win.}) 13... Rb8 (13... Bb7) (13... Bb7 $16 {keeps fighting.}) 14. e5 dxe5 15. fxe5 Nd7 {[%emt 0:05:13] [#]} 16. Nf5 $2 exf5 $11 17. Nd5 $2 {[%emt 0:01:50] White is now going downhill.} (17. e6 $11 Qxg3 18. exd7+ Bxd7 19. hxg3 (19. Bf2+ Be6 $11)) 17... Qb7 $19 18. Qg5 $2 (18. Bd4 Qxd5 19. e6 fxe6 20. Bxg7 Qxd1+ 21. Rxd1 (21. Kxd1 $2 {too greedy.} Rg8 $19)) 18... Qxb2+ 19. Kd2 Qb7 {[%emt 0:01:33] Prevents Nc7+.} (19... c3+ $2 20. Ke2 Qb5+ 21. Kf2) 20. Ke2 h6 $2 (20... Qc6 $19 21. Bf2 Nc5) 21. Qh4 $2 (21. Qg3 $17 g5 22. Kf1) 21... Nc5 (21... Bxa3 22. Qg3 Qc6 23. Qxg7 $11) 22. Kf1 Ne6 23. Bb6 (23. Qxc4 $142 Bxa3 24. Qd3) 23... Be7 24. Qxc4 O-O 25. Rb1 Qd7 {[%emt 0:00:50] White must now prevent ...Bb7.} 26. Red1 Qe8 27. a4 Bb7 28. Nc7 Qc6 29. Qxc6 Bxc6 {[%emt 0:00:03] This bishop pair is nice.} 30. Nxa6 Ra8 31. Nb4 Bxa4 32. Nd5 Rfe8 33. Rd2 Bg5 34. Rf2 Rac8 35. c3 Bc6 36. c4 Bb7 37. Ba5 Ba6 38. Nb6 Rc5 39. Bc3 Bxc4+ 40. Nxc4 Rxc4 41. Be1 Nd4 42. Rb4 Rxb4 43. Bxb4 Rxe5 {[%emt 0:00:34] ...Rb5 is the strong threat.} 44. Bc3 Re4 45. Bxd4 Rxd4 46. Rxf5 Rf4+ {[%emt 0:00:05] Weighted Error Value: White=1.11/Black=0.66} 0-1

[Event "German Bundesliga 2021-22"]
[Site "Germany"]
[Date "2022.04.30"]
[Round "5.9"]
[White "Navara, David"]
[Black "Seel, Christian"]
[Result "1/2-1/2"]
[ECO "C80"]
[WhiteElo "2693"]
[BlackElo "2486"]
[Annotator "TA"]
[PlyCount "66"]
[EventDate "2022.03.05"]
[EventType "team-tourn"]
[EventCountry "GER"]
[SourceTitle "playchess.com"]
[Source "ChessBase"]
[SourceQuality "1"]
[TimeControl "40/5400+30:1800+30"]

1. e4 e5 2. Nf3 Nc6 3. Bb5 a6 4. Ba4 Nf6 5. O-O Nxe4 6. d4 b5 7. Bb3 d5 8. dxe5 Be6 9. Be3 Be7 10. c3 O-O 11. Nbd2 Nxd2 {[%emt 0:00:00] C83: Open Ruy Lopez: 9 c3 Be7.} 12. Qxd2 Na5 $1 {[%emt 0:00:00] The main line 12...Na5 scores better than 12...Qd7.} 13. Bg5 {[%emt 0:08:22] The position is equal.} Nc4 14. Bxc4 bxc4 15. b4 cxb3 16. axb3 c5 {[%emt 0:01:49] [#]} 17. h3 $146 ({Predecessor:} 17. Ra3 Bxg5 18. Qxg5 f6 19. Qe3 fxe5 20. Nxe5 Qd6 21. f4 Rad8 22. Rfa1 Bc8 23. Nd3 {0-1 (43) Kerkmeester,J-Cortlever,N Wijk aan Zee 1974}) 17... Bxg5 18. Nxg5 h6 19. Nf3 Qb6 20. b4 cxb4 21. cxb4 Rfc8 22. Ra5 Rab8 23. Rfa1 Qxb4 24. Qxb4 Rxb4 25. Rxa6 Rc3 26. R6a4 Rxa4 27. Rxa4 {[%emt 0:00:22] [#]} Bxh3 $1 $11 {[%emt 0:04:03][%mdl 4096] Endgame KRB-KRN} 28. Nd4 $1 Be6 29. Ra6 Rc1+ 30. Kh2 Re1 31. f4 Re4 32. Nxe6 fxe6 33. Kg3 g5 {[%emt 0:08:54] Not much happened in this game.  Weighted Error Value: White=0.02 (flawless) /Black=0.03 (flawless)} 1/2-1/2

[Event "German Bundesliga 2021-22"]
[Site "Germany"]
[Date "2022.04.30"]
[Round "5.9"]
[White "Nisipeanu, Liviu-Dieter"]
[Black "Jones, Gawain C B"]
[Result "1/2-1/2"]
[ECO "E70"]
[WhiteElo "2652"]
[BlackElo "2671"]
[Annotator "TA"]
[PlyCount "53"]
[EventDate "2022.03.05"]
[EventType "team-tourn"]
[EventCountry "GER"]
[SourceTitle "playchess.com"]
[Source "ChessBase"]
[SourceQuality "1"]
[TimeControl "40/5400+30:1800+30"]

1. d4 Nf6 2. c4 g6 3. Nc3 Bg7 4. e4 d6 5. Bd3 Nc6 6. Nge2 O-O 7. O-O Nd7 8. Be3 e5 9. d5 Nd4 10. Nb5 Nxb5 {[%emt 0:03:56] E70: King's Indian: Miscellaneous lines with 4 e4, including 5 Nge2 and 5 Bd3 0-0 6 Nge2.} 11. cxb5 f5 12. exf5 gxf5 {[%emt 0:00:08] White is slightly better.} 13. f4 {[%emt 0:01:56] [#]} e4 $146 ({Predecessor:} 13... Nf6 14. h3 Kh8 15. Bc4 Ne4 16. Rb1 Bd7 17. a4 Qe7 18. Bd3 c6 19. Bxe4 fxe4 20. fxe5 Bxe5 21. dxc6 bxc6 22. bxc6 Rxf1+ 23. Kxf1 Bxc6 {0-1 (28) Khumalo,K (2138)-Vitiugov,N (2726) Chess.com INT 2022}) 14. Bc4 Bxb2 15. Nd4 (15. Rb1 $11 Ba3 16. Nd4) 15... Bxa1 $17 16. Ne6 Qf6 17. Nxf8 {[%emt 0:00:17] [#]} Qc3 $1 18. Re1 Bb2 ({Stronger than} 18... Nxf8 19. Qxa1 Qxa1 20. Rxa1 $15) (18... Kxf8 $142 19. Qxa1 Qxa1 20. Rxa1 a6 21. bxa6 b6) 19. Ne6 {[%emt 0:05:01] aiming for Bb3.} Qxc4 20. Qh5 {[%emt 0:00:08] White threatens Qe8+ and mate.} Nf8 (20... Bg7 $17 {White must now prevent ...Nf6.} 21. Qg5 Qc3) 21. Qg5+ $11 {[%emt 0:06:28] The position is equal.} Ng6 22. Qd8+ Kf7 {[%emt 0:00:03] [#] Hoping for ...Rb8.} 23. Nxc7 {[%emt 0:14:25] Chess con chili.} Bc3 24. Qe8+ Kg7 25. Qd8 $1 {[%emt 0:00:20] Ne8+ is the strong threat.} Kf7 26. Qe8+ Kg7 27. Qd8 $1 {[%emt 0:00:03] Weighted Error Value: White=0.15 (very precise) /Black=0.16 (very precise)} 1/2-1/2

[Event "German Bundesliga 2021-22"]
[Site "Germany"]
[Date "2022.04.30"]
[Round "5.9"]
[White "Nihal Sarin"]
[Black "Mamedyarov, Shakhriyar"]
[Result "1-0"]
[ECO "C54"]
[WhiteElo "2648"]
[BlackElo "2767"]
[Annotator "TA"]
[PlyCount "141"]
[EventDate "2022.03.05"]
[EventType "team-tourn"]
[EventCountry "GER"]
[SourceTitle "playchess.com"]
[Source "ChessBase"]
[SourceQuality "1"]
[TimeControl "40/5400+30:1800+30"]

1. e4 e5 2. Nf3 Nc6 3. Bc4 Bc5 4. c3 Nf6 5. d4 exd4 6. e5 d5 7. Bb5 Ne4 8. cxd4 Bb6 9. Nc3 O-O 10. Be3 Bg4 11. h3 Bh5 12. Qc2 Bg6 13. Qb3 Ne7 14. O-O c6 15. Bd3 Nf5 16. Qc2 Nxc3 (16... Nxe3 {seems wilder.} 17. fxe3 Ng3 18. Bxg6 hxg6 19. Rf2 Bc7) 17. bxc3 Nxe3 18. fxe3 Bxd3 19. Qxd3 f6 20. c4 fxe5 21. Nxe5 Qd6 22. Rxf8+ Rxf8 23. Rf1 Rxf1+ 24. Qxf1 Qe6 $1 25. cxd5 cxd5 26. Qb1 a5 27. Kh1 Bc7 28. Qxb7 Bxe5 29. dxe5 Qxe5 30. Qa8+ Kf7 31. Qxa5 Qa1+ 32. Kh2 Qe5+ 33. Kh1 Qa1+ 34. Kh2 Qe5+ 35. g3 Qb2+ 36. Kg1 Ke6 37. Qa4 g6 38. Qe8+ Kd6 39. Qf8+ Ke6 $1 40. Qf2 Qb1+ 41. Kh2 Qe4 42. g4 Qe5+ 43. Kg2 Qe4+ 44. Kg3 h6 45. h4 Qe5+ $1 46. Kh3 Qe4 $1 47. g5 h5 $1 48. Kg3 Qg4+ 49. Kh2 Qe4 50. Qf6+ Kd7 51. Qd4 Qf3 {[%emt 0:00:00] [#]} (51... Qc2+ $1 $11 {remains equal.} 52. Kg3 Kc6) 52. Qf4 (52. Kg1 $1 $16) 52... Qe2+ $11 (52... Qxf4+ 53. exf4 Ke6 54. Kg3 $18) 53. Kg3 Kc6 54. a4 Qe1+ 55. Qf2 Qb1 56. Qe2 Qe4 $2 {[%emt 0:00:00][%mdl 8192] [#]} (56... Kc7 $11) 57. Qb5+ $1 $18 Kc7 58. Qc5+ Kb7 59. Qd4 Qh1 60. Kf2 ({Don't take} 60. Qg7+ Kb8 61. Qxg6 Qe1+ 62. Kf4 Qxh4+ 63. Ke5 Qg3+ 64. Kxd5 h4 65. Qb6+ (65. Qd6+ Kb7 $18) 65... Ka8 $18) 60... Ka6 $2 (60... Qh2+ 61. Kf3 Qh3+ 62. Ke2 Qf5) 61. Ke2 Ka5 62. Kd2 Qh2+ 63. Kd3 Qh1 64. Kc2 Qg1 (64... Ka6 $142 65. Kb3 Qe1) 65. Qxd5+ $18 Kxa4 66. Qc4+ Ka5 67. Kd3 Qh1 68. Qf4 Qd5+ 69. Qd4 Qb5+ 70. Kd2 Qf1 71. Qe5+ $2 (71. Qd8+ Kb5 72. Qd5+ Kb4 73. Qd6+ Ka5 74. Qe5+ (74. Qxg6 Qg2+ 75. Kd1 Qh1+ 76. Kc2 Qg2+ 77. Kd3 Qd5+ 78. Kc2 Qg2+ 79. Kc1 Qf1+ 80. Kd2 Qg2+ 81. Kd3 Qd5+ 82. Kc2 Qg2+ $18) 74... Kb4 75. Qf4+ Qc4 76. Qxc4+ Kxc4 77. Kc2) 1-0

[Event "German Bundesliga 2021-22"]
[Site "Germany"]
[Date "2022.04.30"]
[Round "5.9"]
[White "Stern, Rene"]
[Black "Keymer, Vincent"]
[Result "0-1"]
[ECO "D48"]
[WhiteElo "2510"]
[BlackElo "2664"]
[Annotator "TA"]
[PlyCount "56"]
[EventDate "2022.03.05"]
[EventType "team-tourn"]
[EventCountry "GER"]
[SourceTitle "playchess.com"]
[Source "ChessBase"]
[SourceQuality "1"]
[TimeControl "40/5400+30:1800+30"]

1. Nf3 d5 2. d4 Nf6 3. c4 e6 4. Nc3 c6 5. e3 Nbd7 6. Bd3 dxc4 7. Bxc4 b5 8. Bd3 Bb7 9. O-O a6 10. a4 b4 {[%emt 0:07:30] D48: Semi-Slav: Meran System: 7...b5 8 Bd3 a6.} 11. Ne4 Be7 12. Nxf6+ Bxf6 {[%emt 0:03:30] The position is equal.} 13. e4 c5 14. e5 Be7 {[%emt 0:01:30] [#]} 15. Re1 $146 ({Predecessor:} 15. Qe2 cxd4 16. Be4 Qc7 17. Nxd4 O-O 18. Bf4 Nc5 19. Bc2 Rac8 20. Rac1 Rfd8 21. Nb3 {0-1 (37) Hjorth,J (1936)-Lovakovic,F (2361) ICCF email 2017}) 15... Rc8 16. Be4 (16. Qe2 $5 ) 16... Bxe4 17. Rxe4 c4 18. Rg4 $1 g6 19. Bh6 Nb6 20. Nd2 Nd5 21. Ne4 c3 22. bxc3 Nxc3 23. Nxc3 Rxc3 24. Qe2 (24. a5 $11) 24... Qd5 $15 25. Qxa6 {[%emt 0:07:15] [#]} Kd7 $1 26. Rg3 {[%emt 0:03:12] Threatens to win with Rxc3.} Rc4 {[%emt 0:05:30][%mdl 1024] ...Ra8 is the strong threat. Black has strong compensation. Dancing on a razor blade.} 27. Rf3 (27. Qa7+ $17 Rc7 28. Qa6 (28. Qb6 $2 Ra8 $19)) 27... Ra8 $19 28. Qb6 f5 {[%emt 0:20:27] Weighted Error Value: White=0.18 (very precise) /Black=0.04 (flawless)} ({Inferior is} 28... Rxd4 29. h3 Ke8 30. Rf4 Rxf4 31. Bxf4 $15) 0-1

[Event "German Bundesliga 2021-22"]
[Site "Germany"]
[Date "2022.04.30"]
[Round "5.10"]
[White "Maghsoodloo, Parham"]
[Black "Bartel, Mateusz"]
[Result "1-0"]
[ECO "D45"]
[WhiteElo "2701"]
[BlackElo "2616"]
[Annotator "TA"]
[PlyCount "153"]
[EventDate "2022.03.05"]
[EventType "team-tourn"]
[EventCountry "GER"]
[SourceTitle "playchess.com"]
[Source "ChessBase"]
[SourceQuality "1"]
[TimeControl "40/5400+30:1800+30"]

1. d4 d5 2. c4 c6 3. Nf3 Nf6 4. e3 a6 5. Nc3 e6 6. b3 Bb4 7. Bd2 Nbd7 8. Bd3 O-O 9. O-O Qe7 10. Qc2 e5 11. dxe5 Nxe5 12. Nxe5 Qxe5 13. cxd5 cxd5 14. Ne2 Bd6 15. Ng3 Qg5 16. f4 Qh4 17. Rf3 Re8 $1 18. Be1 Qh6 $1 19. Rd1 Ne4 20. h3 f5 21. Bxe4 dxe4 22. Rf2 Bf8 23. Bb4 Qh4 24. Kh2 Bxb4 25. Qc4+ Be6 26. Qxb4 Qe7 $1 27. Qa5 g6 28. Rfd2 Rac8 29. Rd6 Qc7 (29... Rc2 $11 {deserves consideration.}) 30. Qb4 $16 a5 31. Qd4 Qc3 32. Qb6 $1 Rc6 33. Rxc6 bxc6 (33... Qxc6 $142 34. Qxa5 Rc8) 34. Rd6 (34. Ne2 $1 $18 {[%cal Re2c3] and the rest is easy.} Qb4 35. Qxc6) 34... Bd5 $16 35. Rd7 $1 Rf8 36. Ra7 c5 37. Rxa5 Qxe3 38. Qxc5 (38. Rxc5 {keeps more tension.} Bf7 39. Qc7 h5 40. Rc2) 38... Qxc5 39. Rxc5 Be6 40. Nf1 (40. Ne2 $16) 40... Rd8 $14 41. Kg1 Rd1 42. Kf2 Ra1 43. Rc2 Kf7 44. Ng3 h6 45. h4 Ke7 46. Ne2 Rd1 47. b4 Rb1 $1 48. a3 Bd7 49. Ke3 (49. Nc3 $5 Ra1 50. Ra2 $11) 49... Rb3+ 50. Rc3 Rb2 51. g3 h5 52. Nd4 Rg2 $2 (52... Kd6 $11 {and Black has nothing to worry.}) 53. b5 $1 $18 Kd6 54. a4 ({Stronger than} 54. b6 Rxg3+ 55. Kd2 Rxc3 56. Kxc3 Bc8 $11) 54... Rxg3+ 55. Kd2 Rg2+ {[%emt 0:00:08] [#]} 56. Kc1 $1 Rg1+ 57. Kb2 Rd1 58. Nc2 Rd5 59. Nb4 Rc5 60. Na6 Rd5 61. Nb4 Rc5 $1 62. Na6 Rd5 $1 63. Rg3 e3 (63... g5 {was necessary.}) 64. Rxe3 Rd4 $2 (64... Bxb5 65. axb5 Rxb5+ 66. Kc2 Rb6) 65. Kb3 Bc8 66. Rc3 Bb7 $2 (66... Be6+ 67. Ka3 Bc4) 67. a5 $18 ({Not} 67. Rg3 Rxf4 68. Rxg6+ Ke5 $16) 67... Bd5+ {[%emt 0:00:56] [#]} 68. Ka3 $1 Bc4 69. Ka4 Rxf4 70. Nb4 Rxh4 71. a6 Kc7 72. Ka5 Re4 73. b6+ Kd6 74. a7 Re5+ 75. Ka4 Bb5+ 76. Kb3 Re8 77. b7 1-0